 Dungeon Crawl Stone Soup version 0.29-a0-757-g358383bc75 (webtiles) character file.

Game seed: 4524555115177662941

602 coolguy69 the Cutter (level 7, 0/31 (37) HPs)
             Began as a Vine Stalker Monk on July 1, 2022.
             Slain by a wight
             ... wielding a +2 dagger
              (6 damage)
             ... on level 6 of the Dungeon.
             The game lasted 00:03:22 (3715 turns).

coolguy69 the Cutter (Vine Stalker Monk)            Turns: 3715, Time: 00:03:22

HP:   0/31 (37)     AC:  3    Str: 14    XL:     7   Next: 41%
MP:   0/8           EV: 13    Int: 10    God:
Gold: 245           SH:  0    Dex: 18    Spells: 6/6 levels left

rFire   . . .      SeeInvis .   m - +3 dagger
rCold   . . .      Faith    .   (no shield)
rNeg    . . .      Spirit   +   e - +0 leather armour
rPois   .          Reflect  .   (no helmet)
rElec   .          Harm     .   (no cloak)
rCorr   .          Rampage  .   (no gloves)
Will    .....                   (no boots)
Stlth   +++.......              h - amulet of the acrobat
HPRegen 0.90/turn               (no ring)
MPRegen 0.11/turn               (no ring)

@: heavily drained
A: fangs 2, regeneration 1, magic shield, antimagic bite, no potion heal 2
a: no special abilities


You were on level 6 of the Dungeon.
You visited 1 branch of the dungeon, and saw 6 of its levels.

You collected 245 gold pieces.

Inventory:

Hand Weapons
 m - a +3 dagger (weapon)
Missiles
 u - a throwing net (quivered)
Armour
 e - a +0 leather armour (worn)
Jewellery
 b - a ring of flight
 h - an amulet of the acrobat (around neck)
Scrolls
 f - a scroll of immolation {unknown}
 i - 2 scrolls of fear {unknown}
 k - 2 scrolls of acquirement {unknown}
 l - 4 scrolls of identify {unknown}
 o - 4 scrolls of teleportation {unknown}
 p - a scroll of blinking {unknown}
 q - a scroll of poison {unknown}
 r - 2 scrolls of noise {unknown}
 t - a scroll of magic mapping {unknown}
 v - a scroll of summoning {unknown}
 w - a scroll of fog {unknown}
 x - a scroll of torment {unknown}
Potions
 a - 2 potions of mutation {unknown}
 c - a potion of ambrosia
 d - 5 potions of curing {unknown}
 g - a potion of degeneration {unknown}
 j - a potion of lignification {unknown}
 n - 2 potions of flight {unknown}
 s - a potion of berserk rage {unknown}
 z - 2 potions of attraction {unknown}


   Skills:
 + Level 4.1 Fighting
 + Level 4.7 Short Blades
 + Level 2.4 Armour
 + Level 3.4 Dodging
 + Level 4.6 Stealth


You had 6 spell levels left.
You didn't know any spells.
Your spell library contained the following spells:

 Spells                   Type           Power      Damage    Failure   Level
 Foxfire                  Conj/Fire      0%         2x1d4     43%         1
 Blink                    Tloc           0%         N/A       56%         2
 Conjure Flame            Conj/Fire      0%         6-21      80%         3
 Ignite Poison            Fire/Tmut/Pois 0%         N/A       80%         3
 Inner Flame              Hex/Fire       0%         N/A       80%         3
 Mephitic Cloud           Conj/Pois/Air  0%         N/A       80%         3
 Flame Wave               Conj/Fire      0%         2d4       99%         4
 Freezing Cloud           Conj/Ice/Air   0%         6-21      100%        5
 Manifold Assault         Tloc           0%         N/A       100%        5
 Storm Form               Tmut/Air       0%         N/A       100%        7


Dungeon Overview and Level Annotations

Branches:
Dungeon (6/15)
 Temple: D:4-7

Altars:
Fedhas
Qazlal
The Shining One

Shops:
D:1 (


Innate Abilities, Weirdness & Mutations

You have extremely sharp teeth.
Your natural rate of healing is unusually fast.
When hurt, damage is shared between your health and your magic reserves.
Your bite disrupts and absorbs the magic of your enemies.
Potions cannot restore your health.


Message History

No target in view!
No target in view!
No target in view!
(D) Dungeon
Where to? (Enter - D:6, ? - help)
There is a stone staircase leading down here.
You climb downwards.
Found a stone staircase leading up.
There is a stone staircase leading up here.
There are monsters nearby!
You hit the wight but do no damage. You bite the wight. You drain its power.
You feel invigorated.
The wight is moderately damaged.
You hit the wight but do no damage.
The wight is moderately damaged.
The wight completely misses you.
You hit the wight. Your bite misses the wight.
The wight is moderately damaged.
The wight hits you with a +2 dagger.
You feel drained.
You hit the wight but do no damage.
The wight is moderately damaged.
The wight hits you with a +0 war axe! The wight closely misses you.
The adder hisses angrily.
You hit the wight.
The wight is moderately damaged.
You closely miss the wight. You bite the wight. You drain its power.
You feel invigorated.
The wight is heavily damaged.
The wight barely misses you. The wight hits you with a +0 war axe!
The wight misses you.
You hit the wight.
The wight is severely damaged.
The wight hits you with a +2 dagger!
You feel drained. The wight hits you with a +0 war axe.
* * * LOW HITPOINT WARNING * * *
You feel drained.
* * * LOW HITPOINT WARNING * * *
The wight closely misses you. The wight attacks as you move away!
The wight hits you with a +2 dagger!
You die...

##...##
##.....##
##.......##
#......<..#
+.........+
#.........#
#..zz...#
#.z@..#
##S..##
##+##


You could see 3 wights and an adder.

Vanquished Creatures
  A black bear (D:5)
  A phantom (D:4)
  2 scorpions (D:5)
  2 hounds
  3 iguanas (D:5)
  2 orc wizards
  4 adders
  A worm (D:4)
  A dart slug (D:4)
  12 orcs
  5 ball pythons
  7 bats
  9 endoplasms
  2 giant cockroaches
  6 goblins
  8 hobgoblins
  2 jackals (D:4)
  10 kobolds
  4 frilled lizards
  6 rats
88 creatures vanquished.

Vanquished Creatures (others)
  A fungus (D:4)
1 creature vanquished.

Grand Total: 89 creatures vanquished

Notes
Turn   | Place    | Note
-------+----------+-------------------------------------------
     0 | D:1      | coolguy69 the Vine Stalker Monk began the quest for the
                  | Orb.
     0 | D:1      | Reached XP level 1. HP: 11/11 MP: 2/2
   282 | D:1      | Reached XP level 2. HP: 6/16 MP: 1/3
   488 | D:1      | Found a faded altar of an unknown god.
   573 | D:1      | Found Listrix's Weapon Emporium.
   980 | D:1      | Reached XP level 3. HP: 19/20 MP: 2/4
  1536 | D:2      | You fall into a shaft and drop 1 floor!
  1593 | D:3      | Gained mutation: Your natural rate of healing is unusually
                  | fast. [Vine Stalker growth]
  1593 | D:3      | Reached XP level 4. HP: 12/24 MP: 3/5
  2189 | D:4      | Noticed a phantom
  2216 | D:4      | Killed a phantom
  2217 | D:4      | Reached skill level 1 in Armour
  2217 | D:4      | Reached XP level 5. HP: 25/28 MP: 6/6
  2265 | D:4      | Found a blossoming altar of Fedhas.
  2268 | D:4      | Found a stormy altar of Qazlal.
  2530 | D:4      | Reached XP level 6. HP: 28/32 MP: 7/7
  2688 | D:5      | Entered Level 5 of the Dungeon
  3069 | D:5      | Reached XP level 7. HP: 23/37 MP: 4/8
  3339 | D:5      | Found a glowing golden altar of the Shining One.
  3715 | D:6      | Slain by a wight

Illustrated notes

Levels and vault maps discovered:
D:1:      amcnicky_arrival_double_pillar, layout_loops_ring,
          basic_ecumenical_altar, serial_shops,
          nicolae_shop_bloodbath_and_beyond
D:2:      layout_rooms, corexii_item_surrounded_by_moat, kennysheep_small_spiral
D:3:      layout_basic
D:4:      layout_cave_pools, grunt_temple_overflow_forces_of_nature,
          hangedman_decor_push
D:5:      layout_basic, nicolae_tso_carved_into_rock, small_statue_intersection,
          nicolae_eternal_life
D:6:      layout_loops_corners, minmay_misc_feat_roman

Skill      XL: |  1  2  3  4  5  6  7 |
---------------+----------------------+-----
Fighting       | 3 4 |  4.1
Short Blades   | 3 4 |  4.7
Stealth        | 3 4 |  4.6
Armour         | 1 2 |  2.4
Dodging        | 3 |  3.4

Action                   |  1- 3 |  4- 6 |  7- 9 || total
-------------------------+-------+-------+-------++-------
Melee: Short sword       |    45 |       |       ||    45
       Bite              |    20 |    56 |    21 ||    97
       Dagger            |    35 |   160 |    72 ||   267
       Punch             |       |     2 |     1 ||     3
 Stab: Sleeping          |     5 |     5 |     1 ||    11
Armor: Leather armour    |     7 |    19 |    10 ||    36
       Robe              |     2 |       |       ||     2
Dodge: Dodged            |    36 |    79 |    47 ||   162

Table legend: (Time is in decaauts)
 A = Elapsed time spent in this place.
 B = Non-inter-level travel time spent in this place.
 C = Inter-level travel time spent in this place.
 D = Time resting spent in this place.
 E = Time spent auto-exploring this place.
 F = Levels seen in this place.
 G = Mean time per level.
                   A        B        C        D        E       F      G
               +--------+--------+--------+--------+--------+-----+--------+
         Total |   3662 |   3581 |     81 |      0 |   2958 |   6 |  610.3 |
       Dungeon |   3662 |   3581 |     81 |      0 |   2958 |   6 |  610.3 |
               +--------+--------+--------+--------+--------+-----+--------+

Top non-repeatable levels by time:
     D:1: 1113 daAuts
     D:5: 994 daAuts
     D:3: 568 daAuts
     D:4: 561 daAuts
     D:2: 418 daAuts
     D:6: 6 daAuts
